 Dungeon Crawl Stone Soup version 0.32-a0-898-g7811c86cf0 (webtiles) character file.

Game seed: 1869004105082347578

1396 Lanoc the Shooter (level 8, -7/63 HPs)
             Began as a Coglin Hunter on Apr 4, 2024.
             Mangled by Pikel
             ... wielding a +0 whip of electrocution
              (8 damage)
             ... on level 5 of the Dungeon.
             The game lasted 00:07:01 (3893 turns).

Lanoc the Shooter (Coglin Hunter)                   Turns: 3893, Time: 00:07:02

Health: -7/63      AC:  3    Str: 12    XL:     8   Next: 68%
Magic:  8/8        EV: 13    Int:  8    God:
Gold:   587        SH:  0    Dex: 20    Spells: 7/7 levels left

rFire   + . .        a - +2 sling {Ku-aya}
rCold   . . .        d - +0 sling {Kanlaya}
rNeg    . . .        c - +0 leather armour
rPois   +            (no helmet)
rElec   .            (no cloak)
rCorr   .            (no gloves)
SInv    .            (no boots)
Will    .....        (amulet unavailable)
Stlth   ++           (ring unavailable)
HPRegen 0.30/turn    (ring unavailable)
MPRegen 0.11/turn    (no gizmo)

%: no passive effects
@: hasted, revved, very quick
A: off-hand wielding, slow wielding, warmup strikes, no jewellery, fire
resistance 1, poison resistance
a: Invent Gizmo


You were on level 5 of the Dungeon.
You visited 1 branch of the dungeon, and saw 5 of its levels.
You also visited: Ossuary.

You collected 587 gold pieces.

Inventory:

Hand Weapons
 a - a +2 sling (weapon) {Ku-aya}
 d - a +0 sling (offhand) {Kanlaya}
Missiles
 s - 6 curare-tipped darts
Armour
 c - a +0 leather armour (worn)
Wands
 n - a wand of paralysis (7)
 p - a wand of mindburst (11)
Scrolls
 b - a scroll of butterflies
 g - 3 scrolls of enchant weapon {unknown}
 h - 2 scrolls of vulnerability {unknown}
 i - a scroll of teleportation {unknown}
 l - 2 scrolls of poison {unknown}
 m - a scroll of revelation {unknown}
 o - 4 scrolls of identify {unknown}
 q - 2 scrolls of immolation {unknown}
 u - a scroll of silence {unknown}
 w - a scroll of noise {unknown}
 x - 2 scrolls of brand weapon {unknown}
 y - a scroll of enchant armour {unknown}
Potions
 e - a potion of mutation
 k - a potion of magic {unknown}
 r - 2 potions of haste
 t - a potion of berserk rage {unknown}
 v - a potion of might {unknown}


   Skills:
 + Level 5.4 Fighting
 * Level 7.7 Ranged Weapons
 + Level 5.0 Dodging
 - Level 0.7 Stealth


You had 7 spell levels left.
You didn't know any spells.
Your spell library contained the following spells:

 Spells                   Type           Power      Damage    Failure   Level
 Magic Dart               Conj           0%         1d3       50%         1
 Blink                    Tloc           0%         N/A       63%         2
 Call Imp                 Summ           0%         N/A       63%         2
 Frozen Ramparts          Ice            0%         1d1       86%         3
 Ozocubu's Armour         Ice            0%         N/A       86%         3
 Metabolic Englaciation   Hex/Ice        0%         N/A       100%        5


Dungeon Overview and Level Annotations

Branches:
Dungeon (5/15)            Ossuary (visited)
 Temple: D:4-7

Altars:
Elyvilon
Yredelemnul

Shops:
D:5 [

Annotations:
D:3 1 runed translucent door
D:5 Pikel


Innate Abilities, Weirdness & Mutations

You can wield a second weapon in your off-hand.
It takes a long time for you to wield or remove held weapons.
Your first few attacks do less damage.
You cannot equip rings or amulets.
Your flesh is heat resistant. (rF+)
Your system is resistant to poisons. (rPois)


Message History

* * * LOW HITPOINT WARNING * * *
You bump into the rock wall.
Pikel hits you with a +0 whip of electrocution.
* * * LOW HITPOINT WARNING * * *
You closely miss Pikel with your +0 sling.
Pikel is moderately wounded.
You clumsily bash Pikel but do no damage.
Pikel hits you with a +0 whip of electrocution!
* * * LOW HITPOINT WARNING * * *
Pikel misses you.
The lemure shouts!
You clumsily bash Pikel but do no damage.
Pikel is moderately wounded.
You barely miss Pikel with your +0 sling.
You feel less invigorated.
You feel less confused. Pikel closely misses you.
Unknown command.
You feel better. Pikel completely misses you.
You shoot a sling bullet.
The sling bullet hits Pikel but does no damage.
Pikel is moderately wounded.
You shoot a sling bullet. The sling bullet barely misses Pikel.
Pikel hits you with a +0 whip of electrocution.
* * * LOW HITPOINT WARNING * * *
You are electrocuted!
* * * LOW HITPOINT WARNING * * *
You feel better.
Pikel hits you with a +0 whip of electrocution.
* * * LOW HITPOINT WARNING * * *
It was a potion of haste.
You feel yourself speed up.
Pikel hits you with a +0 whip of electrocution.
* * * LOW HITPOINT WARNING * * *
Pikel says, "Dispater doesn't talk much, but I know they dig me."
Pikel attacks as he pursues you!
Pikel hits you with a +0 whip of electrocution.
* * * LOW HITPOINT WARNING * * *
You are electrocuted!
You die...
Pikel says, "See you in Hell!"

##.........#
.....#..........#
.......######.###
....#...#####..#
..........##...##
.#..............#
.........######.#
#.........### #.## #
##.......###K@###
##.#...####..5.....#
......## #######..#
.#.....## ##.###
#.......## #...####
.....K...# ###....#
.........# ###..#
.........# ####
.........#


You could see Pikel and a lemure.

Vanquished Creatures
  Grinder (D:5)
  Sigmund (D:5)
  An ice beast (D:5)
  An ogre (D:5)
  A centaur (D:5)
  3 lemures (D:5)
  2 elf zombies (Ossuary)
  Blork the orc (D:5)
  A weeping skull (Ossuary)
  2 scorpions (D:4)
  A burial acolyte (Ossuary)
  A human zombie (Ossuary)
  A hound (D:4)
  A sleepcap (D:5)
  Ijyb (D:5)
  3 iguanas (D:4)
  2 mummies (Ossuary)
  3 gnolls (D:3)
  2 adders
  An adder zombie (Ossuary)
  A dart slug (D:4)
  A ribbon worm (D:2)
  2 orcs
  7 ball pythons
  5 endoplasms
  4 giant cockroaches
  9 goblins
  9 hobgoblins
  7 jackals
  2 quokkas
  4 bats
  3 frilled lizards
  4 kobolds
  A kobold zombie (Ossuary)
  10 rats
99 creatures vanquished.

Notes
Turn   | Place    | Note
-------+----------+-------------------------------------------
     0 | D:1      | Lanoc the Coglin Hunter began the quest for the Orb.
     0 | D:1      | Reached XP level 1. HP: 16/16 MP: 1/1
    36 | D:1      | Found a faded altar of an unknown god.
   137 | D:1      | Reached XP level 2. HP: 22/22 MP: 2/2
   230 | D:1      | Reached skill level 4 in Ranged Weapons
   281 | D:1      | Reached XP level 3. HP: 28/28 MP: 3/3
  1130 | D:3      | Reached XP level 4. HP: 34/34 MP: 4/4
  1444 | D:3      | Found a runed translucent door.
  1444 | D:3      | Noticed a human
  1452 | D:3      | Found a basalt altar of Yredelemnul.
  1737 | D:4      | Reached XP level 5. HP: 33/41 MP: 5/5
  1944 | D:4      | Found a white marble altar of Elyvilon.
  2000 | D:4      | Reached skill level 5 in Ranged Weapons
  2040 | D:4      | Reached XP level 6. HP: 39/47 MP: 6/6
  2562 | D:5      | Entered Level 5 of the Dungeon
  2562 | D:5      | Noticed Sigmund
  2562 | D:5      | Noticed an ice beast
  2581 | D:5      | Killed an ice beast
  2582 | D:5      | Reached XP level 7. HP: 24/53 MP: 7/7
  2665 | D:5      | Found a sand-covered staircase.
  2665 | D:5      | Noticed Grinder
  2677 | D:5      | Killed Grinder
  2678 | D:5      | Reached skill level 6 in Ranged Weapons
  2813 | Ossuary  | Entered an ossuary
  2813 | Ossuary  | Found a huge runed translucent gate.
  2813 | Ossuary  | Found a huge runed translucent gate.
  2813 | Ossuary  | Found a huge runed translucent gate.
  2813 | Ossuary  | Found a huge runed translucent gate.
  2813 | Ossuary  | Found a huge runed translucent gate.
  2813 | Ossuary  | Found a huge runed translucent gate.
  2813 | Ossuary  | Found a huge runed translucent gate.
  2813 | Ossuary  | Found a huge runed translucent gate.
  2813 | Ossuary  | Found a huge runed translucent gate.
  2844 | Ossuary  | Found a huge runed translucent gate.
  2844 | Ossuary  | Found a huge runed translucent gate.
  2845 | Ossuary  | Found a huge runed translucent gate.
  2845 | Ossuary  | Found a huge runed translucent gate.
  2847 | Ossuary  | Found a huge runed translucent gate.
  2847 | Ossuary  | Found a huge runed translucent gate.
  2856 | Ossuary  | Found a huge runed translucent gate.
  2856 | Ossuary  | Found a huge runed translucent gate.
  2856 | Ossuary  | Found a huge runed translucent gate.
  2856 | Ossuary  | Found a huge runed translucent gate.
  2856 | Ossuary  | Found a huge runed translucent gate.
  2857 | Ossuary  | Found a huge runed translucent gate.
  2857 | Ossuary  | Found a huge runed translucent gate.
  2859 | Ossuary  | Found a huge runed translucent gate.
  2859 | Ossuary  | Found a huge runed translucent gate.
  2860 | Ossuary  | Found a huge runed translucent gate.
  2860 | Ossuary  | Found a huge runed translucent gate.
  2861 | Ossuary  | Found a huge runed translucent gate.
  2861 | Ossuary  | Found a huge runed translucent gate.
  2887 | Ossuary  | Gained mutation: Your flesh is heat resistant. (rF+)
                  | [potion of mutation]
  2887 | Ossuary  | Gained mutation: Your system is resistant to poisons.
                  | (rPois) [potion of mutation]
  2908 | Ossuary  | Reached XP level 8. HP: 29/61 MP: 8/8
  3051 | Ossuary  | Found a huge runed translucent gate.
  3051 | Ossuary  | Found a huge runed translucent gate.
  3052 | Ossuary  | Found a huge runed translucent gate.
  3052 | Ossuary  | Found a huge runed translucent gate.
  3052 | Ossuary  | Found a huge runed translucent gate.
  3052 | Ossuary  | Found a huge runed translucent gate.
  3052 | Ossuary  | Found a huge runed translucent gate.
  3093 | Ossuary  | Reached skill level 7 in Ranged Weapons
  3111 | Ossuary  | Reached skill level 5 in Fighting
  3324 | D:5      | Killed Sigmund
  3497 | D:5      | Noticed Ijyb
  3501 | D:5      | Paralysed by Ijyb for 4 turns
  3511 | D:5      | Killed Ijyb
  3630 | D:5      | Found Guwk's Armour Boutique.
  3630 | D:5      | Noticed Blork the orc
  3642 | D:5      | Killed Blork the orc
  3643 | D:5      | Reached skill level 5 in Dodging
  3853 | D:5      | Noticed Pikel
  3887 | D:5      | HP: 3/63 [Pikel/+0 whip of electrocution (12)]
  3890 | D:5      | HP: 1/63 [Pikel/+0 whip of electrocution (13)]
  3893 | D:5      | Mangled by Pikel

Illustrated notes

Levels and vault maps discovered:
D:1:      tarquinn_simple_flora_water_e, layout_basic,
          ebering_ecumenical_altar_sacrificial, chequers_serial_rivers_room_b,
          chequers_serial_rivers_room_a
D:2:      layout_basic
D:3:      layout_rooms, dk_yredelemnul_ordeal
D:4:      layout_loops_ring, elyvilon_altar_5
D:5:      layout_rooms, serial_shops, nicolae_shop_window_shopping,
          enter_ossuary_2, uniq_grinder, uniq_blork_the_orc, uniq_eustachio,
          uniq_ijyb, uniq_pikel, uniq_sigmund

Skill      XL: |  1  2  3  4  5  6  7  8 |
---------------+-------------------------+-----
Dodging        | 2 3 4 5 |  5.0
Ranged Weapons | 4 5 6 7 |  7.7
Fighting       | 3 4 5 |  5.4
Stealth        | |  0.7

Action                     |  1- 3 |  4- 6 |  7- 9 || total
---------------------------+-------+-------+-------++-------
  Melee: Sling             |       |       |     6 ||     6
   Fire: Sling             |   164 |   230 |   356 ||   750
    Use: Potion            |       |       |    13 ||    13
 Armour: Leather armour    |     3 |    29 |   103 ||   135
  Dodge: Dodged            |     1 |    25 |    69 ||    95

Table legend: (Time is in decaauts)
 A = Elapsed time spent in this place.
 B = Non-inter-level travel time spent in this place.
 C = Inter-level travel time spent in this place.
 D = Time resting spent in this place.
 E = Time spent auto-exploring this place.
 F = Levels seen in this place.
 G = Mean time per level.
                   A        B        C        D        E       F      G
               +--------+--------+--------+--------+--------+-----+--------+
         Total |   3951 |   3848 |    103 |    280 |   2800 |   6 |  658.5 |
       Dungeon |   3487 |   3384 |    103 |    189 |   2594 |   5 |  697.4 |
       Ossuary |    463 |    463 |      0 |     91 |    206 |   1 |  463.0 |
               +--------+--------+--------+--------+--------+-----+--------+

Top non-repeatable levels by time:
     D:5: 884 daAuts
     D:4: 867 daAuts
     D:1: 682 daAuts
     D:3: 609 daAuts
 Ossuary: 463 daAuts
     D:2: 443 daAuts
